Map: Amphion LE

Players

ohmygodism - Winner!

  • Race: Terran Terran
  • League: Platinum
  • Spawn Location: 7:00

vampcat

  • Race: Zerg Zerg
  • League: Gold
  • Spawn Location: 11:00

VOD

Have the link to the VOD?

Description

Some big nukes

Time

  • Played on: April 30, 2024, 4:07 p.m.
  • Length: 42:53
Show
View Real Time Build Order
Export as new Build Order

ohmygodism Terran - Winner!

Build Orders:  

Get SALT Encoding   

  12  0:00  SCV  
  13  0:12  SCV  
  14  0:18  Supply Depot  
  14  0:24  SCV  
  15  0:40  SCV  
  15  0:41  Barracks  
  16  0:46  Refinery  
  16  0:52  SCV  
  17  1:04  SCV  
  17  1:10  Engineering Bay  
  18  1:16  SCV  
  19  1:31  Orbital Command  
  19  1:39  Marine  
  20  1:51  Barracks  
  20  2:05  Bunker  
  20  2:07  Bunker  
  20  2:16  Marine  
  21  2:25  Command Center  
  21  2:29  Supply Depot  
  21  2:47  Barracks  
  21  2:52  Marine  
  22  2:59  Marine  
  22  3:01  SCV  
  22  3:04  Factory  
  24  3:22  Marine  
  25  3:46  Marine  
  25  3:47  Marine  
  27  3:50  Factory Reactor  
  27  3:51  Factory  
  27  4:11  Marine  
  27  4:13  SCV  
  29  4:28  Marine  
  30  4:46  Marine  
  31  4:55  Bunker  
  31  4:58  Bunker  
  27  5:07  Marine x2  
  27  5:10  Hellion x3  
  34  5:35  Hellion x2  
  34  5:36  Hellion  
  34  5:45  Starport  
  34  5:46  SCV, Command Center  
  34  5:47  Refinery  
  35  5:57  Hellion x2  
  39  5:58  SCV, Factory Tech Lab  
  40  6:15  SCV  
  41  6:20  Infernal Pre-Igniter  
  41  6:27  SCV  
  42  6:38  Hellion x2  
  46  6:44  Supply Depot  
  46  6:47  Command Center  
  46  6:48  Supply Depot  
  46  6:54  Barracks Tech Lab  
  46  6:58  Viking, Barracks Tech Lab, SCV, Hellion  
  51  7:07  SCV  
  52  7:35  Starport Reactor  
  52  7:38  Hellion x3  
  52  7:40  SCV  
  59  7:52  SCV  
  60  8:13  Engineering Bay  
  34  8:52  Terran Infantry Weapons Level 1  
  34  8:54  Planetary Fortress  
  32  8:55  Planetary Fortress  
  32  8:57  Viking  
  32  8:58  Viking  
  36  9:04  Hellion  
  36  9:05  Hellion x2  
  36  9:07  Marine  
  43  9:21  Ghost Academy  
  43  9:25  Ghost Academy  
  43  9:26  Hellion x3  
  43  9:27  Viking x2  
  53  9:47  SCV, Hellion  
  53  9:48  Hellion x2  
  53  9:49  SCV, Refinery  
  61  9:57  Viking x2  
  61  9:58  Ghost  
  61  9:59  SCV  
  68  10:09  Hellion  
  68  10:50  Medivac  
  68  10:51  Medivac  
  68  10:54  Ghost  
  74  11:03  SCV  
  75  11:15  SCV  
  76  11:21  Armory  
  76  11:28  Refinery  
  76  11:29  Refinery  
  76  11:40  SCV  
  77  11:52  SCV  
  78  12:13  Viking x2  
  82  12:20  Personal Cloaking  
  82  12:21  Nuke  
  82  12:25  Terran Infantry Armor Level 1  
  82  12:34  SCV  
  84  12:37  SCV  
  84  12:46  SCV  
  84  12:49  SCV  
  86  12:59  SCV  
  86  13:01  SCV  
  88  13:11  SCV  
  89  13:13  SCV  
  90  13:22  Hellion  
  92  13:42  Hellion  
  92  13:46  Nuke  
  92  13:52  Hellion x2  
  92  13:55  SCV  
  79  14:03  Hellion  
  81  14:13  Hellion x2  
  85  14:25  Hellion  
  85  14:30  SCV  
  88  14:35  Hellion x2  
  88  14:36  Orbital Command  
  92  14:45  Supply Depot  
  92  14:46  Supply Depot  
  92  14:48  Supply Depot  
  92  14:51  Supply Depot  
  92  14:54  Supply Depot  
  92  14:57  Nuke  
  92  15:06  Viking x2, Hellion x2  
  100  15:08  SCV  
  101  15:20  SCV  
  102  15:28  Hellion  
  87  16:47  Command Center  
  69  17:15  Command Center  
  67  17:27  Nuke  
  67  17:28  Nuke  
  67  17:35  Barracks Tech Lab  
  67  17:37  Terran Vehicle And Ship Armor Level 1  
  67  17:39  Supply Depot  
  67  17:40  Supply Depot  
  67  17:41  Supply Depot  
  67  17:42  Supply Depot  
  67  17:46  Armory  
  67  17:52  Terran Infantry Weapons Level 2  
  67  17:53  Engineering Bay  
  67  17:55  Viking x2  
  71  18:00  Planetary Fortress  
  71  18:23  Hellion x3  
  77  18:44  Hellion  
  77  18:45  Hellion x2  
  83  18:58  Terran Vehicle Weapons Level 1  
  83  19:01  Engineering Bay  
  83  19:05  Hellion  
  83  19:06  Hellion x2  
  89  19:27  Hellion x3  
  93  19:49  Hellion  
  95  20:08  Neosteel Armor  
  77  21:21  Hellbat x3  
  77  21:23  Viking x2  
  87  21:42  Hellbat  
  87  21:43  Hellbat x2  
  93  21:48  Hi-Sec Auto Tracking  
  93  21:53  Viking x2  
  96  22:04  Hellbat x3  
  96  22:08  Planetary Fortress  
  102  22:10  SCV  
  103  22:20  Command Center  
  103  22:22  SCV  
  104  22:23  Viking x2  
  104  22:25  Hellbat  
  104  22:26  Hellbat x2  
  114  22:34  SCV  
  115  22:47  Hellbat  
  115  22:53  Viking  
  117  23:01  SCV  
  117  23:03  SCV  
  119  23:13  SCV  
  119  23:15  SCV  
  121  23:20  Nuke  
  121  23:22  Ghost  
  121  23:25  SCV  
  128  23:27  Hellbat x2, SCV  
  129  23:37  SCV  
  129  23:39  Medivac x2  
  129  23:40  SCV  
  135  23:50  Ghost  
  135  23:52  SCV, Refinery  
  130  24:09  Medivac x2  
  118  24:19  Ghost  
  118  24:20  Thor  
  124  24:42  Missile Turret  
  124  24:44  Missile Turret  
  124  24:46  Missile Turret  
  124  24:47  Ghost, Missile Turret  
  100  25:03  Thor  
  83  25:44  Hellbat  
  83  25:45  Hellbat  
  83  25:46  Thor  
  86  26:06  Hellbat x2, Missile Turret  
  88  26:17  Refinery  
  88  26:20  Refinery  
  88  26:27  Hellbat x2  
  88  26:29  Thor  
  98  26:46  Command Center  
  94  26:49  Hellbat  
  90  27:18  SCV  
  85  27:40  Planetary Fortress  
  84  27:57  Command Center  
  82  28:23  Liberator x2  
  82  28:25  Nuke x2  
  88  28:28  Terran Ship Weapons Level 1  
  88  28:31  Terran Vehicle Weapons Level 2  
  88  28:33  Terran Infantry Weapons Level 3  
  88  28:34  Terran Infantry Armor Level 2  
  88  28:43  Hellbat  
  88  28:44  Hellbat x2  
  94  28:51  Hellion x3  
  94  28:57  Orbital Command  
  94  29:05  Hellbat x3  
  100  29:26  Hellbat  
  100  29:27  Hellbat x2  
  106  29:33  Planetary Fortress  
  106  29:48  Hellbat x3  
  106  29:52  Barracks  
  112  29:57  Barracks  
  110  30:10  Hellbat  
  108  30:19  Hellbat x2  
  112  30:22  Terran Vehicle And Ship Armor Level 2  
  112  30:23  Viking x2  
  116  30:31  Hellbat  
  118  30:53  Viking x2  
  106  31:23  Viking x2  
  104  31:27  SCV  
  105  31:32  Barracks Reactor  
  105  31:33  Barracks Reactor  
  105  31:38  Terran Infantry Armor Level 3  
  105  31:39  SCV  
  106  31:42  Supply Depot  
  106  31:52  SCV  
  106  31:53  Viking x2  
  111  32:05  SCV  
  111  32:08  Command Center  
  112  32:17  SCV  
  112  32:19  Refinery  
  113  32:29  SCV  
  114  32:36  Nuke  
  114  33:13  Medivac  
  114  33:14  Medivac  
  114  33:17  Marine x5  
  114  33:19  Stimpack  
  123  33:22  Thor  
  123  33:25  Hellbat x2  
  133  33:34  Marine  
  133  33:35  Marine x4  
  133  33:40  Command Center  
  138  33:43  Medivac  
  138  33:44  Medivac  
  138  33:46  Hellbat x2  
  146  33:48  Terran Vehicle And Ship Armor Level 3, Terran Vehicle Weapons Level 3  
  146  33:52  Marine  
  146  33:53  Marine x4  
  151  33:59  Barracks  
  151  34:00  Barracks  
  151  34:05  SCV  
  151  34:06  Hellbat  
  151  34:07  Hellbat  
  151  34:08  Hellbat  
  158  34:10  Marine  
  158  34:11  Marine x4  
  158  34:13  Factory  
  164  34:17  SCV  
  164  34:27  Hellbat  
  164  34:28  Marine  
  164  34:29  Hellbat x2  
  164  34:31  Marine x4  
  171  34:36  Medivac x2  
  177  34:46  Marine  
  177  34:48  Hellion  
  157  34:59  Combat Shield  
  113  35:09  SCV  
  113  35:10  Hellion  
  116  35:21  SCV  
  117  35:33  SCV  
  117  35:34  Factory Tech Lab  
  118  35:38  Barracks Tech Lab x2  
  118  35:40  Marine  
  118  35:41  Marine x4  
  123  35:45  Planetary Fortress  
  123  35:52  Command Center  
  123  35:56  SCV  
  124  35:58  Marine x5  
  129  36:25  Terran Ship Weapons Level 2  
  119  36:52  Hellion x2  
  109  37:06  Command Center  
  111  37:08  Hellion  
  111  37:09  Hellion x3  
  119  37:30  Hellion x4  
  123  37:51  Hellion  
  123  37:52  Hellion x3  
  106  38:12  Hellion  
  106  38:13  Hellion x3  
  106  38:18  Missile Turret  
  92  38:34  Nuke x2, Hellbat x2, Hellion x2  
  93  38:38  Missile Turret  
  89  38:55  Hellbat  
  88  38:56  Hellbat x3  
  88  38:57  Missile Turret  
  84  39:17  Hellbat x2  
  51  40:00  Marine x4  
  51  40:02  Hellbat  
  51  40:03  Hellbat x2  
  61  40:14  Barracks x3  
  60  40:18  Factory x2, Marine x4  
  64  40:22  Fusion Core  
  64  40:24  Starport, Hellbat x3  
  70  40:36  Marine x4  
  74  40:45  Hellbat  
  74  40:46  Hellbat x2  
  74  40:48  Nuke  
  80  40:53  Marine  
  80  40:54  Marine x3  
  76  41:06  Hellbat  
  76  41:07  Hellbat x2  
  76  41:08  Starport Tech Lab  
  79  41:12  Marine x2  
  81  41:21  Planetary Fortress x2  
  81  41:27  Battlecruiser  
  81  41:28  Hellbat  
  75  42:23  Factory Tech Lab  
Show
View Real Time Build Order
Export as new Build Order

vampcat Zerg 

Build Orders: Hatch First 

Get SALT Encoding   

  12  0:16  Drone  
  12  0:17  Drone  
  12  0:20  Overlord  
  14  0:38  Drone x2  
  16  0:49  Drone  
  17  1:04  Drone  
  18  1:22  Drone  
  18  1:23  Drone  
  18  1:25  Extractor  
  19  1:27  Hatchery  
  19  1:28  Spawning Pool  
  17  1:44  Drone x2  
  19  1:56  Drone  
  20  2:06  Drone  
  21  2:11  Extractor  
  20  2:20  Queen  
  22  2:26  Overlord  
  22  2:36  Metabolic Boost  
  22  2:42  Zergling x2  
  23  2:44  Zergling x4  
  25  2:54  Roach Warren  
  24  3:07  Drone  
  24  3:08  Drone x3  
  24  3:10  Spine Crawler  
  27  3:23  Spine Crawler  
  26  3:37  Zergling x12  
  32  3:57  Hatchery  
  31  4:24  Overlord x3  
  31  4:32  Overlord  
  31  4:39  Overlord  
  31  4:44  Drone  
  32  5:04  Zergling x4  
  32  5:24  Drone x2  
  34  5:33  Drone  
  34  5:43  Drone x4  
  34  5:45  Queen  
  34  5:46  Queen  
  42  5:57  Drone x2  
  44  6:05  Drone  
  44  6:06  Drone  
  46  6:20  Spore Crawler  
  45  6:26  Drone x3  
  45  6:27  Drone  
  49  6:33  Extractor  
  49  6:36  Extractor  
  47  6:44  Drone x2  
  47  6:46  Evolution Chamber x2  
  47  6:47  Hatchery  
  47  6:48  Lair  
  46  6:59  Zergling x8  
  50  7:14  Drone x4  
  54  7:29  Drone x2  
  56  7:35  Zerg Ground Armor Level 1  
  56  7:41  Zerg Melee Weapons Level 1  
  56  7:43  Drone x4  
  60  7:53  Overlord x4  
  58  8:01  Roach x2  
  52  8:06  Roach x3  
  52  8:11  Overlord x2  
  58  8:22  Roach x3  
  54  8:34  Roach x2  
  56  8:35  Roach  
  51  8:46  Roach x2  
  47  8:56  Drone  
  47  9:02  Drone  
  49  9:05  Drone  
  49  9:09  Drone  
  51  9:15  Drone  
  52  9:21  Overseer  
  52  9:25  Drone  
  52  9:30  Drone  
  54  9:36  Drone  
  55  9:39  Drone  
  56  9:48  Drone x2  
  58  9:58  Ravager x7  
  65  10:05  Drone x2  
  50  10:41  Roach x7  
  50  10:42  Roach x3  
  68  10:59  Drone x7  
  75  11:05  Queen  
  75  11:09  Drone  
  78  11:20  Hydralisk Den  
  78  11:23  Drone x4  
  81  11:28  Extractor  
  81  11:30  Extractor  
  79  11:42  Hatchery  
  79  11:44  Spore Crawler  
  77  11:48  Spore Crawler  
  76  12:07  Overlord  
  76  12:09  Overlord  
  76  12:13  Overlord  
  76  12:16  Overlord  
  76  12:31  Queen x3  
  76  12:34  Spore Crawler  
  81  12:37  Drone  
  81  12:38  Drone x7  
  81  12:39  Drone  
  90  12:50  Muscular Augments  
  90  12:56  Queen  
  92  13:01  Zerg Melee Weapons Level 2  
  92  13:09  Zerg Ground Armor Level 2  
  92  13:17  Queen  
  94  13:22  Queen  
  96  13:28  Overlord  
  96  13:47  Roach  
  96  13:48  Roach x3  
  104  13:54  Grooved Spines  
  104  14:07  Overlord x4  
  104  14:08  Overlord x2  
  91  14:27  Drone x6  
  91  14:28  Drone x2  
  99  14:42  Hydralisk x3  
  105  14:52  Roach x2  
  109  15:08  Hydralisk x3  
  109  15:09  Hydralisk  
  117  15:18  Hydralisk x3  
  123  15:32  Pneumatized Carapace  
  114  15:44  Roach x7  
  114  15:46  Roach  
  120  16:07  Hydralisk x4  
  108  16:43  Drone x7  
  108  16:44  Drone x2  
  108  16:45  Roach x5  
  85  16:52  Roach  
  85  16:53  Spine Crawler  
  72  16:55  Spine Crawler  
  72  16:57  Roach  
  72  17:00  Drone  
  68  17:11  Drone x3  
  68  17:12  Drone  
  70  17:18  Overseer x2  
  70  17:21  Drone  
  71  17:24  Drone  
  71  17:26  Drone  
  74  17:30  Drone  
  74  17:34  Drone x2  
  76  17:41  Drone x4  
  80  17:45  Extractor  
  80  17:48  Extractor  
  78  17:52  Drone x4  
  78  17:58  Roach x2  
  86  18:06  Drone x5  
  86  18:12  Drone x4  
  95  18:26  Spine Crawler  
  94  18:28  Spine Crawler  
  94  18:30  Drone x6  
  99  18:38  Hydralisk x2  
  103  18:53  Hydralisk x2  
  107  18:56  Hydralisk  
  109  19:08  Overseer x3  
  109  19:10  Roach  
  109  19:11  Overlord x2  
  109  19:14  Overlord  
  109  19:16  Hatchery  
  110  19:23  Hatchery  
  110  19:27  Roach  
  112  19:41  Overlord x2  
  112  19:42  Overlord x2  
  112  19:59  Hatchery  
  111  20:07  Spore Crawler  
  110  20:23  Overlord x3  
  110  20:24  Overlord x3  
  108  20:47  Overlord  
  108  20:48  Overlord x7  
  108  20:49  Overlord x2  
  108  20:56  Hatchery  
  103  21:14  Drone x6  
  109  21:26  Spire  
  109  21:29  Roach x2  
  109  21:30  Overlord x2, Roach x4  
  120  21:37  Zergling x6  
  121  21:40  Spore Crawler  
  91  21:55  Roach x6  
  99  22:04  Drone x4  
  102  22:24  Infestation Pit  
  101  22:42  Corruptor x7  
  101  22:43  Corruptor x5  
  125  22:53  Drone  
  125  22:56  Drone x2  
  125  22:57  Drone  
  129  23:06  Spore Crawler  
  129  23:07  Spore Crawler x2  
  129  23:11  Corruptor x2  
  130  23:21  Drone  
  130  23:22  Drone x5  
  136  23:31  Hydralisk x2  
  140  23:37  Drone x3  
  143  23:45  Extractor  
  143  23:48  Extractor  
  131  24:10  Roach x2  
  131  24:11  Roach x8  
  109  24:24  Roach x4  
  109  24:25  Roach x2  
  117  24:40  Roach x4  
  117  24:44  Roach x4  
  133  24:54  Roach x2  
  133  24:55  Roach x2  
  129  25:05  Roach  
  129  25:06  Roach x3  
  129  25:07  Queen  
  129  25:17  Roach x4  
  103  25:36  Overlord x4  
  103  25:42  Overlord x2  
  101  25:52  Overlord x4  
  101  25:54  Queen  
  99  26:00  Zergling x10  
  102  26:10  Roach x4  
  110  26:15  Queen  
  112  26:30  Queen  
  114  26:37  Zergling x16  
  114  26:38  Zergling x2  
  121  26:43  Zergling x2  
  121  26:44  Zergling x4  
  120  26:49  Roach  
  116  26:56  Roach  
  116  26:57  Roach x2  
  108  27:01  Zergling x2  
  109  27:08  Zergling x2  
  109  27:09  Zergling x4  
  112  27:17  Zergling x8  
  113  27:26  Zergling x8  
  106  27:31  Zergling x2  
  106  27:36  Zergling x4  
  106  27:37  Zergling x2  
  97  27:41  Hive  
  97  27:43  Zergling x2  
  91  27:46  Zergling x6  
  90  27:56  Zergling x6  
  90  27:57  Zergling x2  
  80  28:08  Zergling x8  
  82  28:17  Queen  
  82  28:18  Drone  
  82  28:19  Drone x3  
  88  28:24  Zergling x12  
  81  28:41  Zergling x2  
  81  28:42  Zergling x12  
  88  28:52  Drone x3  
  88  28:53  Queen, Drone x3  
  95  29:14  Roach x7  
  95  29:15  Roach x2  
  113  29:27  Hatchery  
  113  29:29  Queen  
  114  29:34  Extractor  
  113  29:41  Lurker Den  
  113  29:44  Ravager x3  
  113  29:45  Ravager x6  
  107  30:10  Roach x4  
  107  30:11  Roach x6  
  122  30:23  Drone x4  
  126  30:36  Corruptor x2  
  130  30:45  Corruptor  
  125  31:00  Roach  
  125  31:01  Roach x6  
  130  31:06  Roach  
  130  31:07  Roach  
  134  31:14  Roach x2  
  128  31:27  Drone x2  
  128  31:28  Drone x8  
  138  31:34  Drone x3  
  141  31:52  Drone x3  
  141  31:53  Drone x3  
  147  32:03  Corruptor x4  
  155  32:12  Zerg Melee Weapons Level 3  
  155  32:14  Zerg Ground Armor Level 3  
  155  32:23  Hatchery  
  154  32:32  Queen  
  156  32:58  Overlord x4  
  156  33:00  Lurker Den  
  155  33:11  Overlord x3  
  155  33:12  Overlord x2  
  155  33:15  Overlord x2, Queen  
  157  33:22  Hydralisk  
  157  33:23  Hydralisk x8  
  157  33:24  Hydralisk x2  
  179  33:30  Extractor  
  179  33:32  Extractor, Spore Crawler  
  176  33:39  Spore Crawler  
  175  33:41  Hydralisk x5  
  175  33:42  Hydralisk x4  
  193  33:50  Seismic Spines  
  193  34:00  Lurker x5  
  198  34:04  Lurker x2  
  198  34:08  Overlord x2  
  198  34:09  Overlord x3  
  196  34:47  Adaptive Talons  
  159  34:54  Roach x6  
  159  34:55  Roach x8  
  159  34:56  Roach x4  
  147  35:09  Roach x6  
  159  35:20  Hydralisk x6  
  171  35:27  Queen  
  173  35:35  Hydralisk x5  
  183  35:42  Ravager  
  183  35:43  Ravager x7  
  183  35:44  Ravager x6  
  197  35:52  Lurker x2  
  199  35:57  Lurker  
  200  36:35  Overlord x2  
  103  36:55  Roach x7  
  103  36:56  Roach x8  
  103  36:57  Roach x3  
  137  37:15  Hydralisk x3  
  137  37:16  Hydralisk x3  
  137  37:19  Roach x6  
  161  37:29  Lurker x3  
  162  37:33  Roach x5  
  146  38:14  Overlord x5  
  137  38:24  Lair  
  137  38:25  Roach Warren  
  129  39:07  Roach  
  129  39:08  Roach x6  
  129  39:09  Roach x5  
  151  39:31  Roach x3  
  124  39:42  Drone x7  
  124  39:43  Drone  
  130  40:12  Drone x4  
  130  40:13  Drone x8  
  130  40:14  Drone x2  
  144  40:20  Spawning Pool  
  143  40:40  Roach x5  
  143  40:41  Roach x6  
  162  41:04  Hatchery  
  149  41:33  Roach  
  149  41:34  Roach x7  
  149  41:35  Roach  
  159  41:45  Hatchery  
  140  41:57  Drone x8  
  140  41:58  Drone x2  
  150  42:19  Ravager  
  150  42:21  Overlord x4  
Tags
 
Matchup
TvZ
Spawn Locations
Close Positions
Add a new tag
Caveats
  • Supply blocks, unpowered buildings, or Contaminate may cause inaccurate times.
  • Supply counts are checked every 10 seconds.